 Dungeon Crawl Stone Soup version 0.29-a0-317-gd16b76e6b1 (webtiles) character file.

Game seed: 4816021778082435792

49 Dabor the Chiller (level 3, 0/36 HPs)
             Began as a Merfolk Ice Elementalist on Apr 1, 2022.
             Was a Follower of Okawaru.
             Slain by a gnoll
             ... wielding a +0 spear
              (7 damage)
             ... on level 4 of the Dungeon.
             The game lasted 00:03:25 (1420 turns).

Dabor the Chiller (Merfolk Ice Elementalist)        Turns: 1420, Time: 00:03:26

Health: 0/36       AC: 21    Str:  8    XL:     3   Next: 77%
Magic:  4/6        EV:  2    Int: 22    God:    Okawaru [*.....]
Gold:   41         SH:  0    Dex: 14    Spells: 5/6 levels left

rFire   . . .      SeeInvis .   e - +0 short sword (flame)
rCold   . . .      Faith    .   (no shield)
rNeg    . . .      Spirit   .   (body armour currently unavailable)
rPois   +          Reflect  .   (helmet currently unavailable)
rElec   .          Harm     .   (cloak currently unavailable)
rCorr   .          Rampage  .   (gloves currently unavailable)
Will    .....      NoTele   +   (boots currently unavailable)
Stlth   ++........              (no amulet)
HPRegen 0.12/turn               d - +6 ring of intelligence
MPRegen 0.10/turn               (no ring)

@: tree-form
A: stationary, stasis, torment immunity, boosted hp, (nimble swimmer 2),
(mertail)
a: Renounce Religion, Heroism


You were on level 4 of the Dungeon.
You worshipped Okawaru.
Okawaru was aware of your devotion.
You were a tree.
You visited 1 branch of the dungeon, and saw 3 of its levels.

You collected 41 gold pieces.

Inventory:

Hand Weapons
 e - a +0 short sword of flaming (weapon)
Missiles
 c - 18 poisoned darts
Armour
 a - a +0 robe (melded)
Jewellery
 d - a +6 ring of intelligence (left branch)
Scrolls
 f - a scroll of immolation
 j - 2 scrolls of magic mapping
 k - 2 scrolls of identify


   Skills:
 - Level 2.7 Dodging
 * Level 3.6 Stealth
 + Level 2.4 Spellcasting
 + Level 4.8 Ice Magic


You had 5 spell levels left.
You knew the following spells:

 Your Spells              Type           Power      Damage    Failure   Level
a - Freeze                Ice            92%        1d10      1%          1

Your spell library contained the following spells:

 Spells                   Type           Power      Damage    Failure   Level
 Frozen Ramparts          Ice            46%        1d6       5%          3
 Ozocubu's Armour         Ice            23%        N/A       5%          3
 Hailstorm                Conj/Ice       13%        3d5       43%         4


Dungeon Overview and Level Annotations

Branches:
Dungeon (2/15)

Altars:
Okawaru

Shops:
D:4 (


Innate Abilities, Weirdness & Mutations

You are a tree.
Your roots penetrate the ground, keeping you stationary.
You cannot be teleported.
You are immune to unholy pain and torment.
Your maximum health is greatly increased.
Your equipment is partially melded.
((You are very nimble when in or above water. (Stealth+, EV+, Speed+++)))
((Your lower body shifts to a powerful aquatic tail in water.))


Message History

Casting: Freeze (safe; 1% risk of failure)
Confirm with . or Enter, or press ? or * to list all spells.
Aiming: Freeze (safe; 1% risk of failure)
Press: ? - help, Shift-Dir - straight line, f/p - gnoll
Aim: a gnoll, wielding a +0 whip (moderately wounded)
You freeze the gnoll.
The gnoll is heavily wounded.
The gnoll hits you but does no damage.
Okay, then.
Unknown command.
Unknown command.
Okay, then.
Unknown command.
Casting: Freeze (safe; 1% risk of failure)
Confirm with . or Enter, or press ? or * to list all spells.
Aiming: Freeze (safe; 1% risk of failure)
Press: ? - help, Shift-Dir - straight line, f/p - gnoll
Aim: a gnoll, wielding a +0 whip (heavily wounded)
You freeze the gnoll!
You kill the gnoll!
Okawaru accepts your kill. Magic courses through your body.
The gnoll hits you but does no damage. x2
Casting: Freeze (safe; 1% risk of failure)
Confirm with . or Enter, or press ? or * to list all spells.
Aiming: Freeze (safe; 1% risk of failure)
Press: ? - help, Shift-Dir - straight line, f - gnoll
Aim: a gnoll, wielding a +0 flail You freeze the gnoll.
The gnoll is lightly wounded.
The gnoll hits you but does no damage. The gnoll hits you with a +0 flail.
* * * LOW HITPOINT WARNING * * *
Casting: Freeze (safe; 1% risk of failure)
Confirm with . or Enter, or press ? or * to list all spells.
Aiming: Freeze (safe; 1% risk of failure)
Press: ? - help, Shift-Dir - straight line, f/p - gnoll
Aim: a gnoll, wielding a +0 flail (lightly wounded)
You freeze the gnoll!
The gnoll is severely wounded.
The gnoll hits you from afar with a +0 spear!
You die...

,,,,**,,***,,****,..........#*#.#
,,,,,**,* #.,* **#.........# #.#
,,,,,**,* #..# ###.........# #.#
,,,,,*#,**#..# #...........###.#
,,,,,*#.,*#..####.##.........#..#
,,,,,###.##.......##............#
,,,,,+..,.......<..+.......#.∩.##
,,,,,**#.##.#####.##............#
,,,,** #......gg♣.#######....#..#
,,,,***##.#.#######* #.......#
,,,,,,,*#...#**,,,,*****#########
,,,,,,,*#...#*,****,*,,*
,,,,,,,*#...#*,* *,*,,***
,,,,,,,*#...#*,* *,***,,*
,,,,,,,*#...#*,****,***,,*
,,,*****#...#**,,*,**,,*** ,,,*
#.#.# *,,*,**,,***


You could see 2 gnolls.

Vanquished Creatures
  2 gnolls (D:4)
  A dart slug (D:1)
  2 ball pythons (D:1)
  2 endoplasms
  3 giant cockroaches
  A hobgoblin (D:1)
  2 kobolds (D:1)
  3 quokkas
  5 bats (D:1)
  A frilled lizard (D:1)
  2 goblins
  2 rats (D:1)
26 creatures vanquished.

Notes
Turn   | Place    | Note
-------+----------+-------------------------------------------
     0 | D:1      | Dabor the Merfolk Ice Elementalist began the quest for the
                  | Orb.
     0 | D:1      | Reached XP level 1. HP: 13/13 MP: 3/3
   132 | D:1      | Found a faded altar of an unknown god.
   275 | D:1      | Reached XP level 2. HP: 17/19 MP: 3/5
  1008 | D:1      | Reached XP level 3. HP: 21/24 MP: 0/6
  1218 | D:1      | Prayed at the altar of an unknown god.
  1218 | D:1      | Became a worshipper of Warmaster Okawaru
  1218 | D:1      | Reached * piety under Okawaru
  1366 | D:2      | You fall into a shaft and drop 2 floors!
  1366 | D:4      | Found Soukoudd's Antique Weapon Shoppe.
  1420 | D:4      | Slain by a gnoll

Illustrated notes

Levels and vault maps discovered:
D:1:      doesnt_arrival_eight_statues, layout_loops_ring,
          shapermc_ecumenical_altar_gd, minmay_pentomino_t4
D:2:      layout_rooms, basic_altar, uniq_crazy_yiuf_cottage
D:4:      minmay_chambers_of_fours, layout_basic, ebering_ghost_reflecting_pool,
          serial_shops, nicolae_shop_stone, minivault_19

Skill      XL: |  1  2 |
---------------+-------+-----
Stealth        | 3 |  3.6
Dodging        | |  2.7
Spellcasting   | |  2.4
Ice Magic      | |  4.8

Action                   || total
-------------------------++-------
Melee: Short sword       ||    39
       Unarmed           ||     4
 Cast: Freeze            ||    31
  Use: Scroll            ||     5
       Potion            ||     2
 Stab: Sleeping          ||     4
Armor: Robe              ||    18
       Skin              ||    13
Dodge: Dodged            ||    46

Table legend: (Time is in decaauts)
 A = Elapsed time spent in this place.
 B = Non-inter-level travel time spent in this place.
 C = Inter-level travel time spent in this place.
 D = Time resting spent in this place.
 E = Time spent auto-exploring this place.
 F = Levels seen in this place.
 G = Mean time per level.
                   A        B        C        D        E       F      G
               +--------+--------+--------+--------+--------+-----+--------+
         Total |   1422 |   1308 |    114 |      0 |   1100 |   3 |  474.0 |
       Dungeon |   1422 |   1308 |    114 |      0 |   1100 |   3 |  474.0 |
               +--------+--------+--------+--------+--------+-----+--------+

Top non-repeatable levels by time:
     D:1: 1265 daAuts
     D:2: 102 daAuts
     D:4: 54 daAuts
